 Dungeon Crawl Stone Soup version 0.20.1-1-g8b1a95d (webtiles) character file.

119 keltmir the Changer (level 4, -5/35 HPs)
             Began as a Draconian Transmuter on Oct 31, 2017.
             Slain by a gnoll
             ... wielding a +0 flail
              (11 damage)
             ... on level 2 of the Dungeon.
             The game lasted 00:06:56 (2637 turns).

keltmir the Changer (Draconian Transmuter)          Turns: 2637, Time: 00:06:56

Health: -5/35      AC:  2    Str: 12    XL:     4   Next: 74%
Magic:  5/7        EV: 19    Int: 14    God:
Gold:   114        SH:  0    Dex: 17    Spells: 3/7 levels left

rFire    . . .     SeeInvis .     - Unarmed
rCold    . . .     Gourm    .   (shield currently unavailable)
rNeg     . . .     Faith    .   (armour unavailable)
rPois    x         Spirit   .   (helmet currently unavailable)
rElec    .         Reflect  .   (cloak currently unavailable)
rCorr    .         Harm     .   (gloves currently unavailable)
MR       .....                  (boots currently unavailable)
Stlth    ++........             (no amulet)
Regen    0.2/turn               (no ring)
MPRegen  0.1/turn               (no ring)

@: spider-form (expiring)
A: unfitting armour, AC +5
a: End Transformation


You were on level 2 of the Dungeon.
You were not hungry.
You were a venomous arachnid creature.
You visited 1 branch of the dungeon, and saw 3 of its levels.

You collected 114 gold pieces.

Inventory:

Missiles
 a - 40 arrows
Armour
 p - a +0 pair of boots (melded)
Jewellery
 d - an uncursed ring of wizardry {unknown}
Scrolls
 h - a scroll of magic mapping {unknown}
 i - a scroll of remove curse {unknown}
 l - a scroll of immolation {unknown}
 m - a scroll of random uselessness {unknown}
 o - a scroll of blinking {unknown}
Potions
 e - 3 potions of lignification
 j - 2 potions of invisibility
 k - a potion of curing
Books
 b - a book of Changes

   Spells                             Type                      Level
   a - Beastly Appendage              Transmutation                1
   b - Sticks to Snakes               Transmutation                2
   c - Spider Form                    Transmutation/Poison         3
   d - Ice Form                       Ice/Transmutation            4
   e - Blade Hands                    Transmutation                5
Comestibles
 c - 2 bread rations
 f - 4 fruits
 g - 4 chunks of flesh


   Skills:
 - Level 1.1 Fighting
 - Level 1.7 Dodging
 - Level 3.0 Unarmed Combat
 - Level 2.0 Spellcasting
 * Level 5.0 Transmutations


You had 3 spell levels left.
You knew the following spells:

 Your Spells              Type           Power        Failure   Level  Hunger
a - Beastly Appendage     Tmut           ###...       11%         1    ##.....
b - Spider Form           Tmut/Pois      #.........   47%         3    ####...


Dungeon Overview and Level Annotations

Branches:
Dungeon (3/15)

Altars:
Dithmenos
Trog

Annotations:
D:2 1 runed door


Innate Abilities, Weirdness & Mutations

((Your plain brown scales are hard. (AC +5)))
You cannot fit into any form of body armour.
((You are cold-blooded and may be slowed by cold attacks.))


Message History

You hit the gnoll.
The gnoll looks as sick as possible!
The gnoll is almost dead.
You kill the gnoll!
Your Transmutations skill increases to level 5!
The gnoll throws a throwing net.
The throwing net closely misses you. The gnoll closely misses you.
The gnoll hits you with a flail!
* * * LOW HITPOINT WARNING * * *
You see here a spear.
You hit the gnoll but do no damage.
The gnoll is poisoned.
Your transformation is almost over.
The gnoll closely misses you.
You hit the gnoll.
The gnoll looks as sick as possible!
The gnoll is lightly wounded.
The gnoll completely misses you.
The gnoll hits you from afar with a spear.
* * * LOW HITPOINT WARNING * * *
You hit the gnoll.
The gnoll looks as sick as possible!
The gnoll is moderately wounded.
The gnoll hits you with a flail!
You die...

..# ###..## .##
#...## #########.###
# ..........### ..
.....##.....######.
...
####.##.###........
....
#....#########.......
#.....# ######......
#.###.# ##..(sg..).(.
#.# #.###..####g.....
#.# #.#...## .....
####.###...### ....
.......).#### ...
.#...###....##### ##
...### ####.....#
#### #####.###
#......#


You could see 2 gnolls.

Vanquished Creatures
  5 gnolls
  An adder (D:3)
  An ooze (D:1)
  2 worms
  A leopard gecko (D:1)
  A ball python (D:1)
  A giant cockroach (D:1)
  7 goblins
  6 hobgoblins
  7 jackals
  A quokka (D:2)
  5 bats
  2 frilled lizards (D:1)
  3 kobolds (D:1)
  12 rats
55 creatures vanquished.

Notes
Turn   | Place    | Note
-------+----------+-------------------------------------------
     0 | D:1      | keltmir the Draconian Transmuter began the quest for the Orb.
     0 | D:1      | Reached XP level 1. HP: 16/16 MP: 3/3
   392 | D:1      | Reached XP level 2. HP: 23/23 MP: 5/5
   674 | D:1      | Reached skill level 3 in Transmutations
   976 | D:1      | Reached XP level 3. HP: 28/28 MP: 6/6
   981 | D:1      | Learned a level 3 spell: Spider Form
  1557 | D:1      | Reached skill level 4 in Transmutations
  1999 | D:2      | Reached XP level 4. HP: 34/35 MP: 1/7
  2113 | D:3      | Found a bloodstained altar of Trog.
  2281 | D:2      | Found a runed door.
  2478 | D:2      | Found a shadowy altar of Dithmenos.
  2633 | D:2      | Reached skill level 5 in Transmutations
  2637 | D:2      | Slain by a gnoll

Skill      XL: |  1  2  3  4 |
---------------+-------------+-----
Transmutations | 3 4 5 |  5.0
Fighting       | |  1.1
Dodging        | |  1.7
Unarmed Combat | |  3.0
Spellcasting   | |  2.0

Action                   |  1- 3 |  4- 6 || total
-------------------------+-------+-------++-------
Melee: Unarmed           |   113 |    70 ||   183
       Tailslap          |    11 |     4 ||    15
       Punch             |     3 |       ||     3
       Kick              |     7 |       ||     7
       Headbutt          |     1 |       ||     1
 Cast: Beastly Appendage |     8 |       ||     8
       Spider Form       |     4 |     6 ||    10
  Use: Scroll            |     1 |     2 ||     3
  Eat: Chunk             |     4 |     3 ||     7
Armor: Skin              |    16 |    30 ||    46
Dodge: Dodged            |    88 |    83 ||   171
